[Event "Late Titled Tuesday Blitz February 8 2022"]
[White "Lopez Perdomo, Juan David"]
[Black "Todorovic, Bojan"]
[WhiteFideId "4405137"]
[BlackFideId "917087"]
[WhiteElo "1997"]
[BlackElo "2266"]
[Result "1-0"]
[Round "04"]
[TimeControl "180+1"]
[Date "2022.02.09"]
[WhiteClock "0:00:12"]
[BlackClock "0:00:08"]

1. e4 c6 2. d4 d5 3. Nc3 dxe4 4. Nxe4 Bf5 5. Ng3 Bg6 6. Nf3 Nd7 7. Bd3 Ngf6 8. Bf4 e6 9. O-O Be7 10. Qe2 O-O 11. Bxg6 hxg6 12. h4 Nd5 13. Bg5 Bxg5 14. Nxg5 Qf6 15. Rad1 Rae8 16. Qg4 Qf4 17. Qh3 N5f6 18. Rd3 e5 19. Rb3 exd4 20. Rxb7 Ne5 21. Ne2 Qd2 22. Nc1 Neg4 23. Qd3 Qxd3 24. Nxd3 Re2 25. Rc1 c5 26. Nxc5 Rc8 27. Nd3 Nd5 28. Rxf7 Rexc2 29. Rxc2 Rxc2 30. f3 Ngf6 31. Rxa7 Rc8 32. b4 Kf8 33. b5 Rb8 34. a4 Nc3 35. Ne6+ Ke8 36. Nxd4 Ncd5 1-0


[Site "https://www.chess.com"]

[Event "Late Titled Tuesday Blitz February 8 2022"]
[White "Maksimovic, Bojan"]
[Black "Baker, Chris W"]
[WhiteFideId "14408120"]
[BlackFideId "401676"]
[WhiteElo "2450"]
[BlackElo "2144"]
[Result "1-0"]
[Round "04"]
[TimeControl "180+1"]
[Date "2022.02.09"]
[WhiteClock "0:00:31"]
[BlackClock "0:00:42"]

1. Nf3 e6 2. c4 f5 3. Nc3 Nf6 4. g3 Be7 5. Bg2 O-O 6. O-O d6 7. d4 Ne4 8. Qc2 Nxc3 9. bxc3 Nd7 10. e4 fxe4 11. Qxe4 Nf6 12. Qe2 d5 13. cxd5 exd5 14. Ne5 Bd6 15. Bf4 Bf5 16. Rae1 c6 17. h3 Qc7 18. g4 Be4 19. f3 Bg6 20. Bh2 Rae8 21. Kh1 Nd7 22. f4 Be4 23. Bxe4 dxe4 24. Qxe4 Nf6 25. Qc2 c5 26. Qb3+ Kh8 27. d5 c4 28. Qd1 Qc5 29. f5 Nxd5 30. Nf7+ Kg8 31. Nxd6 Qc6 32. Qf3 1-0


[Site "https://www.chess.com"]

[Event "Late Titled Tuesday Blitz February 8 2022"]
[White "Mamedyarov, Shakhriyar"]
[Black "Jones, Gawain C B"]
[WhiteFideId "13401319"]
[BlackFideId "409561"]
[WhiteElo "2769"]
[BlackElo "2657"]
[Result "1-0"]
[Round "04"]
[TimeControl "180+1"]
[Date "2022.02.08"]
[WhiteClock "0:00:08"]
[BlackClock "0:00:04"]

1. e4 e5 2. Nc3 Nf6 3. d4 exd4 4. Qxd4 Nc6 5. Qd3 Bc5 6. f3 d6 7. a3 Be6 8. Be3 Ne5 9. Qd2 Bb6 10. O-O-O Qe7 11. f4 Nc4 12. Bxc4 Bxc4 13. Nf3 O-O 14. Rhe1 Ba5 15. Bd4 c5 16. Bf2 b5 17. Bh4 b4 18. Nd5 Bxd5 19. exd5 Qd8 20. a4 b3 21. c3 Qd7 22. Bxf6 Qxa4 23. Qd3 Qxf4+ 24. Nd2 Qxf6 25. Nxb3 Bb6 26. Nd2 Qg5 27. g3 c4 28. Qxc4 Rac8 29. Qd3 Rc5 30. Kc2 Rxd5 31. Ne4 Rxd3 32. Nxg5 Rxd1 33. Rxd1 Rd8 34. c4 Bc7 35. b4 Re8 36. Kd3 d5 37. c5 Rb8 38. Ra1 h6 39. Nxf7 Kxf7 40. Rxa7 Rxb4 41. Rxc7+ Kf6 42. Rd7 Ke5 43. Rxg7 Rc4 44. Re7+ Kf6 45. Rc7 Ke5 46. c6 Kd6 47. Rh7 Kxc6 48. Rxh6+ Kc5 49. Rh8 Rd4+ 50. Ke3 Ra4 51. Rc8+ Kd6 52. h4 Ke5 53. Re8+ Kf5 54. Kf3 Ra3+ 55. Kg2 d4 56. Rf8+ Ke4 57. Re8+ Kd3 58. h5 Kc2 59. h6 Ra7 60. Rc8+ Kd2 61. g4 Ke3 62. g5 d3 63. g6 Ra6 64. Re8+ Kf4 65. g7 d2 66. Rd8 Rg6+ 67. Kf2 Rxh6 68. g8=Q Rh2+ 69. Kg1 Re2 70. Qc4+ Kf3 71. Rd3+ Re3 72. Rxe3+ Kxe3 73. Qf1 Kd4 74. Qd1 Ke3 75. Kf1 Kd3 76. Kf2 1-0


[Site "https://www.chess.com"]

[Event "Late Titled Tuesday Blitz February 8 2022"]
[White "Marcziter, Dmitrii"]
[Black "yondaymebr"]
[WhiteFideId "13900765"]
[WhiteElo "2155"]
[BlackElo "2533"]
[Result "1/2-1/2"]
[Round "04"]
[TimeControl "180+1"]
[Date "2022.02.09"]
[WhiteClock "0:00:20"]
[BlackClock "0:00:06"]

1. d4 d5 2. c4 e6 3. Nc3 Nf6 4. Bg5 Be7 5. e3 O-O 6. cxd5 exd5 7. Qc2 c6 8. Bd3 Nbd7 9. Nge2 Re8 10. O-O Nf8 11. f3 g6 12. Rae1 Ne6 13. Bh6 b5 14. a3 Bb7 15. Ng3 a5 16. Nce2 Rc8 17. Nf4 Nxf4 18. Bxf4 b4 19. a4 c5 20. dxc5 Bxc5 21. Qd2 Qb6 22. Kh1 b3 23. Bb5 Bb4 24. Qd3 Bxe1 25. Rxe1 Bc6 26. Qxb3 Bxb5 27. axb5 Rc5 28. Bg5 Rxb5 29. Qc3 Nd7 30. Bh6 d4 31. exd4 Rxe1+ 32. Qxe1 Qe6 33. Ne4 Rxb2 34. h3 Qb6 35. Qc3 Qb8 36. f4 Rb3 37. Qxa5 Nf8 38. Nf6+ Kh8 39. Qd5 Ne6 40. Nd7 Rb1+ 41. Kh2 Qc7 42. Qa8+ Qd8 43. Qd5 Qc7 44. Qa8+ Nd8 45. Qd5 Ne6 1/2-1/2


[Site "https://www.chess.com"]

[Event "Late Titled Tuesday Blitz February 8 2022"]
[White "Martinez Ramirez, Lennis"]
[Black "Gaisinsky, Adam"]
[WhiteFideId "3509079"]
[BlackFideId "2620561"]
[WhiteElo "2374"]
[BlackElo "1965"]
[Result "1-0"]
[Round "04"]
[TimeControl "180+1"]
[Date "2022.02.09"]
[WhiteClock "0:01:13"]
[BlackClock "0:00:02"]

1. d4 Nf6 2. Bf4 d5 3. Nf3 e6 4. e3 Bd6 5. Bg3 O-O 6. Bd3 c5 7. dxc5 Bxc5 8. Nbd2 Nc6 9. Qe2 Nb4 10. a3 Nxd3+ 11. cxd3 a5 12. d4 Bd6 13. Bxd6 Qxd6 14. O-O b6 15. Rfc1 Ba6 16. Qd1 Rac8 17. Ne5 Nd7 18. Ndf3 f6 19. Nxd7 Qxd7 20. a4 Rxc1 21. Rxc1 Rc8 22. b3 Kf7 23. h4 Be2 24. Qd2 Bxf3 25. gxf3 Rxc1+ 26. Qxc1 e5 27. Qc3 Qd6 28. Kf1 Kg6 29. Qd3+ Kh6 30. Ke2 Qb4 31. dxe5 fxe5 32. Qxd5 Qc3 33. Qe6+ g6 34. Qxb6 e4 35. fxe4 Qc2+ 36. Kf3 Qd1+ 37. Kf4 Qh1 38. Qf6 Qh2+ 39. Kf3 Qh1+ 40. Ke2 Qxe4 41. Qf4+ Qxf4 42. exf4 Kh5 43. b4 axb4 44. a5 b3 45. Kd3 Kxh4 46. a6 b2 47. Kc2 Kg4 48. a7 Kxf4 49. a8=Q 1-0


[Site "https://www.chess.com"]

[Event "Late Titled Tuesday Blitz February 8 2022"]
[White "Martirosyan, Haik M."]
[Black "Pulvett Marin, Daniel Eduardo"]
[WhiteFideId "13306553"]
[BlackFideId "3900410"]
[WhiteElo "2735"]
[BlackElo "2413"]
[Result "0-1"]
[Round "04"]
[TimeControl "180+1"]
[Date "2022.02.08"]
[WhiteClock "0:00:04"]
[BlackClock "0:00:19"]

1. c4 c5 2. Nc3 g6 3. g3 Bg7 4. Bg2 Nc6 5. d3 d6 6. Nf3 Qd7 7. O-O b6 8. Bd2 Bb7 9. a3 e6 10. Rb1 Nge7 11. b4 O-O 12. e3 Rad8 13. Qe2 Ne5 14. Nxe5 Bxe5 15. e4 Nc6 16. f4 Nd4 17. Qf2 Bg7 18. Be3 f5 19. h3 Rde8 20. g4 e5 21. gxf5 gxf5 22. Nd5 Bxd5 23. Bxd4 Bxc4 24. dxc4 exd4 25. exf5 Qxf5 26. Rb3 Re3 27. Rbb1 Rfe8 28. Kh1 Kh8 29. Rbd1 Bf6 30. Rg1 Rg8 31. Rde1 Reg3 32. Qe2 d3 33. Qd2 Bd4 34. Kh2 Bxg1+ 35. Rxg1 R8g7 36. b5 Qg6 37. Be4 Rxh3+ 38. Kxh3 Qh6# 0-1


[Site "https://www.chess.com"]

[Event "Late Titled Tuesday Blitz February 8 2022"]
[White "Medeiros Jr, Francisco De Assis"]
[Black "Hamley, Ryan"]
[WhiteFideId "2114267"]
[BlackFideId "30959497"]
[WhiteElo "1998"]
[BlackElo "2470"]
[Result "1/2-1/2"]
[Round "04"]
[TimeControl "180+1"]
[Date "2022.02.09"]
[WhiteClock "0:00:05"]
[BlackClock "0:00:10"]

1. d4 Nf6 2. Nf3 g6 3. Bg5 Bg7 4. Nbd2 d5 5. e3 c6 6. Bd3 h6 7. Bh4 Nbd7 8. O-O O-O 9. c4 Re8 10. Rc1 e5 11. cxd5 cxd5 12. dxe5 Nxe5 13. Nxe5 Rxe5 14. Nf3 Re7 15. Nd4 Bd7 16. Qb3 Qb6 17. Qxb6 axb6 18. a3 Be8 19. Rc2 Ba4 20. Rc3 Rd7 21. Rfc1 Ne4 22. Rc7 Be5 23. Rc8+ Rxc8 24. Rxc8+ Kg7 25. f4 Bd6 26. Nb5 Bc5 27. Nd4 Bd6 28. Kf1 Nc5 29. Bb5 Bxb5+ 30. Nxb5 Be7 31. Bxe7 Rxe7 32. Ke2 Ne6 33. Kf3 f5 34. Rc2 Nc5 35. h3 g5 36. g3 Kf6 37. Nd4 Nd3 38. Rc8 gxf4 39. gxf4 Nxb2 40. Rf8+ Rf7 41. Rxf7+ Kxf7 42. Nxf5 Nc4 43. Nxh6+ Kg6 44. Ng4 Nxa3 45. Ne5+ Kf5 46. Nd7 b5 47. h4 b4 48. Nc5 Nc2 49. h5 Ne1+ 50. Ke2 Ng2 51. Nd3 Nh4 52. Nxb4 Ke4 53. h6 Ng6 54. h7 Nh8 55. Kd2 d4 56. exd4 Kxd4 57. f5 Ke5 58. f6 Kxf6 59. Kc3 Ke5 60. Kc4 Kd6 61. Kb5 Kc7 62. Nd5+ Kd6 63. Nb4 Ke6 64. Kb6 Kf6 65. Kxb7 Kg7 66. Nc6 Kxh7 1/2-1/2


[Site "https://www.chess.com"]

[Event "Late Titled Tuesday Blitz February 8 2022"]
[White "Mekhitarian, Krikor Sevag"]
[Black "Howell, David W L"]
[WhiteFideId "2107660"]
[BlackFideId "410608"]
[WhiteElo "2598"]
[BlackElo "2559"]
[Result "1/2-1/2"]
[Round "04"]
[TimeControl "180+1"]
[Date "2022.02.08"]
[WhiteClock "0:01:01"]
[BlackClock "0:00:39"]

1. e4 d5 2. exd5 Qxd5 3. Nc3 Qd6 4. d4 Nf6 5. Nf3 c6 6. g3 Bf5 7. Bg2 e6 8. O-O h6 9. Bf4 Qd8 10. Ne5 Be7 11. Qe2 Nbd7 12. Rad1 O-O 13. Nc4 Nb6 14. Ne5 Nbd7 15. h3 Bh7 16. Kh2 Re8 17. Rfe1 Bf8 18. a3 Nd5 19. Nxd5 exd5 20. Qd2 Nxe5 21. Bxe5 Qd7 22. c3 a5 23. Bf4 a4 24. Rxe8 Rxe8 25. Re1 Rxe1 26. Qxe1 Qe7 27. Qxe7 Bxe7 28. h4 g5 29. hxg5 hxg5 30. Be3 Kg7 31. Bh3 f5 32. f4 g4 33. Bf1 Kf6 34. Bd3 Bg8 35. Bc2 b5 36. Bd3 Bd6 37. Kg2 Be6 38. Kf2 Ke7 1/2-1/2


[Site "https://www.chess.com"]

[Event "Late Titled Tuesday Blitz February 8 2022"]
[White "Melaugh, Shane"]
[Black "Clawitter, Craig"]
[WhiteFideId "2509580"]
[BlackFideId "2023105"]
[WhiteElo "2000"]
[BlackElo "2187"]
[Result "1-0"]
[Round "04"]
[TimeControl "180+1"]
[Date "2022.02.09"]
[WhiteClock "0:00:09"]
[BlackClock "0:00:03"]

1. e4 e6 2. c4 c5 3. Nc3 Nc6 4. g3 g6 5. Bg2 Bg7 6. Nge2 Nge7 7. a3 O-O 8. Rb1 a5 9. O-O Nd4 10. Nxd4 cxd4 11. Nb5 d6 12. d3 a4 13. b3 axb3 14. Qxb3 Nc6 15. a4 Re8 16. Ba3 Bf8 17. f4 e5 18. f5 Ra6 19. h4 Na7 20. Rf2 Qa5 21. Bb4 Qxa4 22. Qxa4 Rxa4 23. Nc7 Rd8 24. Nd5 Nc6 25. fxg6 hxg6 26. Bd2 Be6 27. Bg5 Rda8 28. Rxb7 Bxd5 29. exd5 Ra1+ 30. Kh2 Na5 31. Rbxf7 Nb3 32. R7f6 1-0


[Site "https://www.chess.com"]

[Event "Late Titled Tuesday Blitz February 8 2022"]
[White "Mikhalsky, Vladimir"]
[Black "Suarez Uriel, Adrian"]
[WhiteFideId "14144352"]
[BlackFideId "22230874"]
[WhiteElo "2248"]
[BlackElo "2316"]
[Result "1-0"]
[Round "04"]
[TimeControl "180+1"]
[Date "2022.02.09"]
[WhiteClock "0:00:13"]
[BlackClock "0:00:23"]

1. c4 Nf6 2. Nc3 g6 3. e4 d6 4. d4 Bg7 5. f3 O-O 6. Be3 e5 7. Nge2 Nc6 8. d5 Ne7 9. Qd2 Nh5 10. O-O-O f5 11. Kb1 f4 12. Bf2 a6 13. c5 Bd7 14. Nc1 Nc8 15. Bc4 Kh8 16. Nb3 a5 17. a4 Nf6 18. Bb5 c6 19. dxc6 bxc6 20. Bc4 d5 21. exd5 cxd5 22. Nxd5 Nxd5 23. Qxd5 Bf5+ 24. Ka2 Qxd5 25. Bxd5 Rb8 26. Nxa5 e4 27. Bd4 e3 28. Bxg7+ Kxg7 29. c6 Nb6 30. Bb3 Ra8 31. Nc4 Nxc4 32. Bxc4 Rxa4+ 33. Kb3 Ra7 34. Ra1 Rb8+ 35. Kc3 Rc7 36. Ra6 Rbc8 37. Bd5 Rd8 38. Bc4 Rd6 39. Bb5 Rd2 40. g4 Be6 41. Rha1 Kf6 42. Ra7 Rxa7 43. Rxa7 Rd1 44. Rxh7 Bd5 45. c7 Bxf3 46. Bd3 Bxg4 47. Rh8 Rc1+ 48. Bc2 Bf5 49. Rf8+ Kg5 50. Rxf5+ gxf5 51. c8=Q e2 52. Qxf5+ Kh4 53. Qxf4+ Kh3 54. Qxc1 e1=Q+ 55. Qxe1 Kg2 56. Qg3+ 1-0


[Site "https://www.chess.com"]

[Event "Late Titled Tuesday Blitz February 8 2022"]
[White "Milosevic, Milos"]
[Black "Avazkhonov, Alikhon"]
[WhiteFideId "964875"]
[BlackFideId "14208504"]
[WhiteElo "2198"]
[BlackElo "1739"]
[Result "0-1"]
[Round "04"]
[TimeControl "180+1"]
[Date "2022.02.09"]
[WhiteClock "0:00:26"]
[BlackClock "0:00:08"]

1. g3 e5 2. Bg2 d5 3. d4 e4 4. c4 c6 5. Nc3 f5 6. h4 Nf6 7. Nh3 Be7 8. Bg5 dxc4 9. Nf4 O-O 10. h5 h6 11. Bxf6 Bxf6 12. e3 b5 13. Qe2 Na6 14. a4 Nb4 15. axb5 Nd3+ 16. Kf1 cxb5 17. Ng6 Rf7 18. g4 b4 19. Nd1 a5 20. Kg1 Qd5 21. f3 fxg4 22. fxe4 Qg5 23. e5 Ra6 24. exf6 Raxf6 25. Be4 g3 26. Bxd3 cxd3 27. Qxd3 g2 28. Nf4 gxh1=Q+ 29. Kxh1 Bb7+ 30. d5 Rxf4 31. Nc3 Rh4# 0-1


[Site "https://www.chess.com"]

[Event "Late Titled Tuesday Blitz February 8 2022"]
[White "Mirzoev, Azer"]
[Black "Noboa Silva, Kevin"]
[WhiteFideId "13400304"]
[BlackFideId "3618471"]
[WhiteElo "2525"]
[BlackElo "2161"]
[Result "0-1"]
[Round "04"]
[TimeControl "180+1"]
[Date "2022.02.09"]
[WhiteClock "0:00:01"]
[BlackClock "0:00:05"]

1. Nf3 Nf6 2. b4 e6 3. a3 b6 4. Bb2 Bb7 5. e3 d6 6. c4 Be7 7. Be2 Nbd7 8. O-O O-O 9. d4 c5 10. Nbd2 cxd4 11. exd4 Re8 12. Qb3 Rc8 13. Rfe1 Qc7 14. h3 Qb8 15. Rad1 a6 16. Bf1 b5 17. c5 Bd5 18. Qe3 Qb7 19. Ng5 Bf8 20. Nge4 dxc5 21. dxc5 Be7 22. Nxf6+ Bxf6 23. Bxf6 Nxf6 24. Nb3 Red8 25. Na5 Qc7 26. Qe5 Qxe5 27. Rxe5 Re8 28. Ree1 Nd7 29. f3 Nb8 30. Kf2 Nc6 31. Nxc6 Rxc6 32. Rxd5 Ra8 33. Rd7 g6 34. Red1 Kg7 35. R1d6 Rcc8 36. Rb6 a5 37. Rbb7 axb4 38. axb4 Ra2+ 39. Kg3 Rf8 40. Bxb5 h5 41. h4 Rb2 42. Bc4 Kf6 43. c6 Ke5 44. b5 Rg8 45. Rxf7 g5 46. Rg7 gxh4+ 47. Kxh4 Rxg2 48. Rxg8 Rxg8 49. Rf7 Rg1 50. c7 Rc1 51. c8=Q Kd4 52. Qxe6 Kc3 53. Bd5 Kd2 54. Kg5 Rg1+ 55. Kh6 h4 56. Rd7 Rd1 57. Bb3+ Kc3 58. Rxd1 Kb4 0-1


[Site "https://www.chess.com"]

[Event "Late Titled Tuesday Blitz February 8 2022"]
[White "Miszler, Levente"]
[Black "Tan, Jun Ying"]
[WhiteFideId "763276"]
[BlackFideId "5710413"]
[WhiteElo "1966"]
[BlackElo "1827"]
[Result "1/2-1/2"]
[Round "04"]
[TimeControl "180+1"]
[Date "2022.02.09"]
[WhiteClock "0:00:41"]
[BlackClock "0:00:14"]

1. d4 Nf6 2. c4 c5 3. d5 e6 4. Nc3 exd5 5. cxd5 d6 6. e4 g6 7. f4 Bg7 8. Nf3 O-O 9. Bd3 Bg4 10. O-O Nbd7 11. h3 Bxf3 12. Qxf3 a6 13. Re1 Qc7 14. a4 c4 15. Bc2 Nc5 16. e5 Nfd7 17. e6 fxe6 18. dxe6 Ne5 19. Qd5 Nxe6 20. Qxe6+ Nf7 21. Nd5 Qa5 22. Ne7+ Kh8 23. Rf1 Rae8 24. Nxg6+ hxg6 25. Qxg6 Ng5 26. Bd2 Qxd2 27. fxg5 Qd4+ 28. Kh1 Qh4 29. Qxd6 Rxf1+ 30. Rxf1 Qxg5 31. Qd7 Qe5 32. Qf7 Rf8 33. Qxc4 Rxf1+ 34. Qxf1 Qg3 35. Qe2 Kg8 36. Qe8+ Bf8 37. Qe6+ Kg7 38. Qg4+ Qxg4 39. hxg4 Kf6 40. g3 Kg5 41. Bf5 Bg7 42. b3 Bd4 43. Kg2 b6 44. Kf3 a5 45. Ke4 Bc5 46. Kd5 Bg1 47. Kc4 Bf2 48. b4 axb4 49. Kxb4 Bxg3 50. Kb5 Bf2 51. Kc6 Bg1 52. Kb5 Bf2 53. Bd7 Bg1 54. Bc8 Bf2 55. Bb7 Bg1 56. Bc8 Bf2 57. Bd7 Be3 58. a5 bxa5 59. Kxa5 Bg1 60. Kb5 Be3 61. Kc4 Bg1 62. Bc6 Be3 63. Bd7 Bf4 64. Kd3 Bc1 65. Ke2 Bf4 66. Kd1 Be3 67. Ke2 Bf4 68. Kf3 Bb8 69. Ke4 Bc7 70. Bf5 Bb8 71. Be6 Bc7 72. Bd5 Bb8 73. Kf3 Bc7 74. Be6 Bb8 75. Bf5 Bc7 76. Be6 Bb8 77. Bf5 Bc7 78. Be6 1/2-1/2


[Site "https://www.chess.com"]

[Event "Late Titled Tuesday Blitz February 8 2022"]
[White "Mladenovic, Stefan"]
[Black "Chigaev, Maksim"]
[WhiteFideId "942227"]
[BlackFideId "4108116"]
[WhiteElo "2355"]
[BlackElo "2502"]
[Result "0-1"]
[Round "04"]
[TimeControl "180+1"]
[Date "2022.02.08"]
[WhiteClock "0:00:05"]
[BlackClock "0:00:07"]

1. d4 Nf6 2. Nf3 d5 3. c4 e6 4. Nc3 Be7 5. cxd5 exd5 6. Bg5 c6 7. e3 Bf5 8. Bd3 Bxd3 9. Qxd3 Nbd7 10. O-O O-O 11. Rab1 Ne4 12. Bxe7 Qxe7 13. b4 a6 14. a4 b5 15. a5 Rfe8 16. Rfc1 Nd6 17. Ne2 Nc4 18. Nf4 g6 19. Qc3 Qd6 20. Nd3 Re7 21. h3 Rae8 22. Rc2 h5 23. Qe1 Qf6 24. h4 Qf5 25. Qd1 Re4 26. Rb3 Kg7 27. Rbc3 Rg4 28. Nde1 Nf6 29. g3 Ne4 30. Rd3 Nxg3 31. fxg3 Nxe3 32. Rxe3 Rxe3 33. Kf2 Re6 34. Ng2 Rf6 35. Ne3 Qe4 36. Rc3 Qxd4 37. Qxd4 Rxd4 38. Rxc6 Rxb4 39. Rxf6 Rb2+ 40. Ke1 Kxf6 41. Nxd5+ Kf5 42. Nc7 Ke4 43. Ng5+ Ke3 44. Kd1 Ra2 45. Nxa6 Rxa5 46. Nc5 b4 47. Nb3 Rd5+ 48. Kc2 f6 49. Ne6 g5 50. hxg5 fxg5 51. Ng7 h4 52. gxh4 gxh4 53. Nc1 h3 54. Ne8 h2 55. Nf6 Rd2+ 56. Kb3 h1=Q 57. Ng4+ Kf4 58. Nf6 Qc6 59. Nd5+ Qxd5+ 60. Kxb4 Rd4+ 61. Kc3 Qc4+ 62. Kb2 Rd2+ 63. Ka1 Qxc1# 0-1


[Site "https://www.chess.com"]

[Event "Late Titled Tuesday Blitz February 8 2022"]
[White "Moore, Nicholas"]
[Black "Dauner, Benedikt"]
[WhiteFideId "4303709"]
[BlackFideId "16225899"]
[WhiteElo "2286"]
[BlackElo "2230"]
[Result "1-0"]
[Round "04"]
[TimeControl "180+1"]
[Date "2022.02.09"]
[WhiteClock "0:00:11"]
[BlackClock "0:00:06"]

1. d4 Nf6 2. c4 c5 3. d5 b5 4. cxb5 a6 5. e3 g6 6. a4 Bg7 7. Nc3 O-O 8. Nf3 d6 9. e4 e6 10. Be2 axb5 11. Bxb5 exd5 12. exd5 Na6 13. O-O Nb4 14. Bg5 Bf5 15. Qd2 Qa5 16. Rac1 Rfb8 17. Rfe1 Qc7 18. b3 h5 19. h3 Na6 20. Bc6 Nb4 21. Bxa8 Rxa8 22. Bf4 Nd3 23. Nb5 Qd8 24. Bxd6 Nxe1 25. Qxe1 Nxd5 26. Rxc5 Nf6 27. Nfd4 Ne4 28. Nxf5 gxf5 29. Bc7 Qd7 30. Rc1 Re8 31. Qd1 Qe6 32. Qxh5 Nxf2 33. Nd6 Re7 34. Nxf5 Rxc7 35. Rf1 Ne4 36. Qg4 Qb6+ 37. Kh1 Nf2+ 38. Rxf2 Rc1+ 39. Kh2 Qc7+ 40. g3 f6 41. Qxg7+ Qxg7 42. Nxg7 Kxg7 43. Rb2 Rc7 44. b4 Kf7 45. b5 Ke6 46. b6 Rb7 47. a5 Kd6 48. a6 Rb8 49. a7 Re8 50. b7 Kc6 51. b8=Q Re2+ 52. Rxe2 f5 53. a8=Q+ Kc5 54. Qc7+ Kd4 55. Qad8# 1-0


[Site "https://www.chess.com"]

[Event "Late Titled Tuesday Blitz February 8 2022"]
[White "Moreira, Ronaldo Alonso"]
[Black "Pavlidou, Ekaterini"]
[WhiteFideId "2110547"]
[BlackFideId "4213262"]
[WhiteElo "2037"]
[BlackElo "2127"]
[Result "0-1"]
[Round "04"]
[TimeControl "180+1"]
[Date "2022.02.09"]
[WhiteClock "0:00:02"]
[BlackClock "0:00:16"]

1. d4 Nf6 2. c4 g6 3. Nc3 Bg7 4. e4 d6 5. Nf3 O-O 6. h3 e5 7. d5 a5 8. Be3 Na6 9. g4 Nd7 10. Rg1 Nac5 11. Be2 Kh8 12. h4 f5 13. gxf5 gxf5 14. Bg5 Nf6 15. Nd2 f4 16. Qc2 h6 17. Bxf6 Qxf6 18. O-O-O Bd7 19. Bg4 Be8 20. Nf3 b5 21. cxb5 a4 22. Bf5 Bh5 23. Bg4 Bg6 24. Rg2 Rfb8 25. Rdg1 Ra5 26. Bf5 Bxf5 27. Rxg7 Bh7 28. h5 Qxg7 29. Rxg7 Kxg7 30. Qe2 Kh8 31. Nd2 Rg8 32. Nc4 Raa8 33. b6 cxb6 34. Nxd6 Rg1+ 35. Kc2 b5 36. Nf7+ Kg7 37. Nxe5 b4 38. Nb5 Nxe4 39. Nf3 Nc3+ 40. Kd2 Nxe2 41. Kxe2 0-1


[Site "https://www.chess.com"]

[Event "Late Titled Tuesday Blitz February 8 2022"]
[White "Mortazavi, Ali"]
[Black "Hasangatin, Ramil"]
[WhiteFideId "401323"]
[BlackFideId "4122160"]
[WhiteElo "2339"]
[BlackElo "2375"]
[Result "0-1"]
[Round "04"]
[TimeControl "180+1"]
[Date "2022.02.09"]
[WhiteClock "0:00:02"]
[BlackClock "0:00:04"]

1. Nf3 d6 2. e4 Nf6 3. d3 c5 4. g3 Nc6 5. Bg2 g6 6. O-O Bg7 7. c3 O-O 8. h3 c4 9. Re1 cxd3 10. Qxd3 Bd7 11. c4 Rc8 12. Nc3 Nb4 13. Qe2 Qc7 14. Bf1 a6 15. Bg5 Be6 16. a3 Nc6 17. Nd5 Bxd5 18. exd5 Na5 19. Rac1 Nb3 20. Rc2 Rfe8 21. Qe3 Nc5 22. b4 Ncd7 23. Bd3 a5 24. Rec1 axb4 25. axb4 Qb6 26. Qd2 Ra8 27. Be3 Qd8 28. Bf1 Ra3 29. Nd4 Ne5 30. Bg2 Ra4 31. f4 Ned7 32. Nb5 Qb8 33. Kh2 h5 34. c5 dxc5 35. bxc5 Ne4 36. Qd3 Ndf6 37. d6 h4 38. g4 exd6 39. cxd6 Rd8 40. Bb6 Kh7 41. Bxd8 Qxd8 42. Rc7 Nf2 43. Qe2 N6e4 44. Bxe4 Nxe4 45. Rxf7 Rb4 46. Kh1 Ng3+ 47. Kg2 Nxe2 48. Rcc7 Qg8 49. d7 Nxf4+ 50. Rxf4 Rxf4 51. Rc8 Rf8 52. Nd6 Rd8 53. Rc7 Qf8 54. Ne4 Be5 55. Ng5+ Kh6 0-1


[Site "https://www.chess.com"]

[Event "Late Titled Tuesday Blitz February 8 2022"]
[White "Myers, Dominique"]
[Black "Golubovskis, Maksims"]
[WhiteFideId "2041715"]
[BlackFideId "11608528"]
[WhiteElo "1986"]
[BlackElo "2066"]
[Result "0-1"]
[Round "04"]
[TimeControl "180+1"]
[Date "2022.02.09"]
[WhiteClock "0:02:08"]
[BlackClock "0:00:21"]

1. e4 c5 2. Nf3 d6 3. d4 cxd4 4. Nxd4 Nf6 5. Nc3 a6 6. h3 e6 7. g3 b5 8. Bg2 Bb7 9. Qe2 Be7 10. Bg5 O-O 11. O-O-O Nxe4 12. Bxe7 Nxc3 13. Bxd8 Nxe2+ 14. Nxe2 Bxg2 15. Be7 Re8 16. Rhg1 Bf3 17. Bxd6 Bxe2 18. Rd2 Bc4 19. Be5 Nc6 20. Bc3 Bd5 21. a3 Rac8 22. Kb1 Red8 23. Rgd1 Bf3 24. Re1 Rxd2 25. Bxd2 Rd8 26. Kc1 Nd4 27. c3 Nb3+ 28. Kc2 Nxd2 29. Re3 Be4+ 30. Kc1 Nb3# 0-1


[Site "https://www.chess.com"]

[Event "Late Titled Tuesday Blitz February 8 2022"]
[White "Niemann, Hans Moke"]
[Black "Kamsky, Gata"]
[WhiteFideId "2093596"]
[BlackFideId "2000024"]
[WhiteElo "2636"]
[BlackElo "2645"]
[Result "0-1"]
[Round "04"]
[TimeControl "180+1"]
[Date "2022.02.08"]
[WhiteClock "0:00:09"]
[BlackClock "0:00:08"]

1. d4 Nf6 2. Nc3 d5 3. Bf4 c6 4. e3 Bf5 5. Nf3 e6 6. Ne5 Nfd7 7. g4 Bg6 8. h4 Nxe5 9. Bxe5 h6 10. Bd3 Bxd3 11. Qxd3 Nd7 12. Bg3 Nf6 13. O-O-O Bd6 14. g5 Nh5 15. Bxd6 Qxd6 16. g6 f5 17. Kb1 O-O-O 18. Na4 Nf6 19. f3 Nd7 20. Rc1 Qb4 21. b3 Rhf8 22. c4 Kb8 23. Qc3 Qxc3 24. Nxc3 f4 25. e4 dxc4 26. bxc4 c5 27. Ne2 cxd4 28. Nxd4 Nc5 29. Rcd1 Rd7 30. Kc2 Rfd8 31. Ne2 Rxd1 32. Rxd1 Rxd1 33. Kxd1 e5 34. Kc2 Kc7 35. Nc3 a6 36. h5 Kd6 37. Nd5 Ne6 38. Kd3 Ng5 39. Ke2 Kc5 40. Nc7 Kxc4 41. Ne8 Ne6 42. Nd6+ Kc3 43. Nxb7 Kb2 44. Kd3 Kxa2 45. Kc4 Ng5 46. Nd6 Nxf3 47. Nf5 Nh2 48. Kd3 f3 49. Ke3 Kb3 50. Nxg7 Ng4+ 51. Kxf3 Nf6 52. Kg3 a5 53. Kh4 a4 54. Ne6 Ne8 55. Nc5+ Kb4 56. Nd3+ Kc3 57. Nc1 a3 58. Kg4 Ng7 59. Kf3 Kc2 60. Na2 Kb3 61. Nc1+ Kc2 62. Na2 Kb2 63. Nb4 a2 64. Nxa2 Kxa2 65. Ke3 Nxh5 66. Kd3 Nf4+ 67. Kc4 Nxg6 68. Kd5 h5 69. Ke6 h4 70. Kf5 h3 71. Kxg6 h2 72. Kf5 h1=Q 73. Kxe5 Qf3 74. Kd5 Kb3 0-1


[Site "https://www.chess.com"]

[Event "Late Titled Tuesday Blitz February 8 2022"]
[White "Nihal Sarin"]
[Black "Ibarra Jerez, Jose Carlos"]
[WhiteFideId "25092340"]
[BlackFideId "2226332"]
[WhiteElo "2705"]
[BlackElo "2626"]
[Result "1/2-1/2"]
[Round "04"]
[TimeControl "180+1"]
[Date "2022.02.08"]
[WhiteClock "0:00:04"]
[BlackClock "0:00:06"]

1. e4 c5 2. Nc3 a6 3. Nf3 d6 4. d4 cxd4 5. Nxd4 Nf6 6. Be2 e6 7. O-O b5 8. Bf3 Ra7 9. Be3 Rd7 10. a4 b4 11. Nce2 e5 12. Nf5 d5 13. exd5 Nxd5 14. Qc1 Bb7 15. Bg5 f6 16. Bh4 g6 17. Ne3 Bh6 18. Bxd5 Bxd5 19. Bxf6 Qxf6 20. Nxd5 Qg7 21. Qd1 O-O 22. c4 bxc3 23. Nexc3 Nc6 24. Qe2 Nd4 25. Qxa6 Qf7 26. Qc4 Kg7 27. a5 Rfd8 28. a6 Bd2 29. Rad1 Bxc3 30. bxc3 Qxd5 31. Qxd5 Rxd5 32. cxd4 exd4 33. Rd3 Ra8 34. Ra1 Rd6 35. g3 Rdxa6 36. Rxa6 Rxa6 37. Rxd4 h5 38. Rd7+ Kf6 39. h4 Ra2 40. Kg2 Ra3 41. Rb7 Rc3 42. Rb6+ Kf7 43. Rb4 Ra3 44. Rf4+ Kg7 45. Re4 Ra2 46. Kf3 Kf6 47. Re2 Ra3+ 48. Kf4 Ra4+ 49. Re4 Ra2 50. f3 Ra6 51. Rb4 Rc6 52. Rd4 Ra6 53. Ke4 Re6+ 54. Kf4 Ra6 55. Rc4 Rb6 56. Ra4 Rc6 57. Ra3 Rb6 58. Ke4 Rb4+ 59. Kd5 Rb5+ 60. Kc4 Rb1 61. Kd4 Rg1 62. f4 Kf5 63. Ra5+ Kf6 64. Rg5 Re1 65. Kd3 Re8 66. Kd2 Rd8+ 67. Ke3 Re8+ 68. Kf3 Ra8 69. f5 Ra3+ 70. Kg2 gxf5 71. Rxh5 Kg6 72. Rg5+ Kf6 73. Rg8 Kf7 74. Rb8 Kf6 75. Rb6+ Kg7 76. Rd6 Rb3 77. Kf2 Ra3 78. Rc6 Rb3 79. Re6 Ra3 80. Re3 Ra4 81. Kf3 Kf6 82. Rb3 Rc4 83. Rb6+ Kg7 84. h5 Ra4 85. Rg6+ Kf7 86. Rb6 Kg7 87. Rc6 Rb4 88. Rg6+ Kf7 89. Rg5 Kf6 90. Rg8 Kf7 91. Ra8 Kg7 92. Ra6 Rc4 93. Rb6 Ra4 1/2-1/2


[Site "https://www.chess.com"]